 Dungeon Crawl Stone Soup version 0.21.1-1-g345015f (webtiles) character file.

135 inc the Ducker (level 4, 0/35 HPs)
             Began as a Demonspawn Monk on June 14, 2018.
             Slain by a centaur (3 damage)
             ... on level 3 of the Dungeon.
             The game lasted 00:02:59 (1676 turns).

inc the Ducker (Demonspawn Monk)                    Turns: 1676, Time: 00:03:00

Health: 0/35       AC:  5    Str: 11    XL:     4   Next: 96%
Magic:  4/4        EV: 12    Int: 12    God:
Gold:   85         SH:  9    Dex: 16    Spells: 3/3 levels left

rFire    . . .     SeeInvis .   a - +0 mace
rCold    . . .     Gourm    .   h - +0 buckler
rNeg     . . .     Faith    .   d - +0 ring mail
rPois    .         Spirit   .   (no helmet)
rElec    .         Reflect  .   (no cloak)
rCorr    .         Harm     .   (no gloves)
MR       .....                  (no boots)
Stlth    ++........             e - amulet of regeneration
HPRegen  0.51/turn              g - ring of stealth
MPRegen  0.09/turn              (no ring)

@: no status effects
A: large bone plates 1
a: no special abilities


You were on level 3 of the Dungeon.
You were not hungry.

You visited 1 branch of the dungeon, and saw 3 of its levels.

You collected 85 gold pieces.

Inventory:

Hand Weapons
 a - a +0 mace (weapon)
Armour
 b - a +0 robe
 d - a +0 ring mail (worn)
 h - a +0 buckler (worn)
Jewellery
 e - an amulet of regeneration (around neck)
 g - a ring of stealth (left hand)
Scrolls
 f - 2 scrolls of amnesia {unknown}
 j - a scroll of magic mapping {unknown}
 k - 2 scrolls of identify {unknown}
 p - a scroll of teleportation {unknown}
 q - 2 scrolls of remove curse {unknown}
Potions
 i - a potion of curing
 l - 2 potions of haste {unknown}
 m - a potion of cancellation {unknown}
 n - 2 potions of might {unknown}
 o - a potion of degeneration {unknown}
Comestibles
 c - 3 rations
 r - 2 chunks of flesh


   Skills:
 - Level 3.0 Fighting
 - Level 2.6 Maces & Flails
 - Level 3.6 Dodging
 - Level 1.7 Stealth
 + Level 3.4 Shields


You had 3 spell levels left.
You didn't know any spells.

Dungeon Overview and Level Annotations

Branches:
Dungeon (3/15)

Altars:


Innate Abilities, Weirdness & Mutations

You are partially covered in large bone plates. (SH +4)


Message History

The centaur hits you but does no damage.
You hit the centaur.
The centaur is severely wounded.
The centaur misses you. The centaur closely misses you.
You hit the centaur.
The centaur is severely wounded.
The centaur hits you.
* * * LOW HITPOINT WARNING * * *
The centaur hits you.
* * * LOW HITPOINT WARNING * * *
You barely miss the centaur.
The centaur is severely wounded.
The centaur hits you.
* * * LOW HITPOINT WARNING * * *
The centaur hits you.
* * * LOW HITPOINT WARNING * * *
You hit the centaur but do no damage.
The centaur is severely wounded.
The centaur hits you.
You die...

#รท ##. # #..
.##########.(
..............
#####.....##.....##
.(....$..+........
#........##..)..#.
#@#####.........#.
#c#.............#
####w..#
#.........#
#.....##
##........#
##.###.#
#......).#.
#......#
##........#.
#...#'##
#...)...)..>
#..##S!#
#####.......
#..#.cw(' ##......


You could see a centaur and a worm.

Vanquished Creatures
  5 adders
  3 gnolls (D:3)
  A worm (D:2)
  2 dart slugs (D:1)
  A leopard gecko (D:2)
  An orc (D:3)
  A giant cockroach (D:1)
  5 hobgoblins
  4 jackals (D:2)
  3 kobolds
  3 quokkas
  2 ball pythons
  5 bats
  4 frilled lizards
  5 goblins
  8 rats
53 creatures vanquished.

Notes
Turn   | Place    | Note
-------+----------+-------------------------------------------
     0 | D:1      | inc the Demonspawn Monk began the quest for the Orb.
     0 | D:1      | Reached XP level 1. HP: 18/18 MP: 1/1
   223 | D:1      | Gained mutation: You are partially covered in large bone plates. (SH +4) [demonic ancestry]
   223 | D:1      | Reached XP level 2. HP: 15/24 MP: 2/2
   773 | D:2      | Reached skill level 1 in Shields
   773 | D:2      | Reached XP level 3. HP: 29/29 MP: 3/3
  1071 | D:2      | Found a faded altar of an unknown god.
  1275 | D:2      | Reached XP level 4. HP: 34/35 MP: 4/4
  1625 | D:3      | Noticed a centaur
  1676 | D:3      | Slain by a centaur

Skill      XL: |  1  2  3  4 |
---------------+-------------+-----
Dodging        | 3 |  3.6
Shields        | 1 2 3 |  3.4
Fighting       | |  3.0
Maces & Flails | |  2.6
Stealth        | |  1.7

Action                   |  1- 3 |  4- 6 || total
-------------------------+-------+-------++-------
Melee: Mace              |   129 |    92 ||   221
  Use: Potion            |       |     1 ||     1
 Stab: Sleeping          |     3 |       ||     3
  Eat: Chunk             |     1 |     2 ||     3
Armor: Ring mail         |    27 |    14 ||    41
       Robe              |     1 |       ||     1
Dodge: Dodged            |    67 |    41 ||   108
Block: Other             |     5 |       ||     5
       Buckler           |    36 |    45 ||    81
